 Dungeon Crawl Stone Soup version 0.32-a0-30-gefbe487952 (webtiles) character file.

Game seed: 17562943002849602258

15 Nick1 the Grave Robber (level 2, -1/19 HPs)
             Began as a Demonspawn Necromancer on Jan 20, 2024.
             Slain by Ijyb
             ... wielding a +1 dagger of venom
              (3 damage)
             ... on level 4 of the Dungeon.
             The game lasted 00:02:51 (342 turns).

Nick1 the Grave Robber (Demonspawn Necromancer)      Turns: 342, Time: 00:02:51

Health: -1/19      AC:  4    Str:  8    XL:     2   Next: 34%
Magic:  0/5        EV: 12    Int: 15    God:
Gold:   20         SH:  0    Dex: 13    Spells: 4/5 levels left

rFire   . . .        (no weapon)
rCold   . . .        (no shield)
rNeg    . . .        a - +0 robe
rPois   .            (no helmet)
rElec   .            (no cloak)
rCorr   .            (no gloves)
SInv    .            (no boots)
Will    .....        (no amulet)
Stlth   ++           (no ring)
HPRegen 0.23/turn    (no ring)
MPRegen 0.09/turn

%: no passive effects
@: lethally poisoned (-1 -> -7)
A: molten scales 1
a: no special abilities


You were on level 4 of the Dungeon.
You visited 1 branch of the dungeon, and saw 4 of its levels.

You collected 20 gold pieces.

Inventory:

Missiles
 e - 3 javelins (quivered)
Armour
 a - a +0 robe (worn)
Scrolls
 d - a scroll of teleportation {unknown}
Potions
 b - a potion of magic


   Skills:
 * Level 1.9 Dodging
 * Level 2.0 Stealth
 * Level 2.4 Spellcasting
 * Level 4.5 Necromancy


You had 4 spell levels left.
You knew the following spells:

 Your Spells              Type           Power      Damage    Failure   Level
a - Necrotise             Necr           60%        1d7       3%          1

Your spell library contained the following spells:

 Spells                   Type           Power      Damage    Failure   Level
 Vampiric Draining        Necr           15%        2d7       10%         3
 Animate Dead             Necr           15%        N/A       32%         4
 Curse of Agony           Necr           15%        N/A       65%         5


Dungeon Overview and Level Annotations

Branches:
Dungeon (4/15)
 Temple: D:4-7

Altars:

Annotations:
D:3 1 runed translucent door
D:4 Ijyb, Sigmund


Innate Abilities, Weirdness & Mutations

You are partially covered in molten scales. (AC +2)


Message History

You are lethally poisoned!
It was a potion of curing.
You feel better.
Ijyb hits you with a +1 dagger of venom.
You closely miss Ijyb.
Ijyb is severely wounded.
Ijyb barely misses you.
You barely miss Ijyb.
Ijyb is severely wounded.
Ijyb hits you with a +1 dagger of venom.
You are lethally poisoned!
It was a potion of heal wounds.
You feel much better.
You feel sick. Ijyb barely misses you.
You hit Ijyb but do no damage. Your punch misses Ijyb.
Ijyb is severely wounded.
You feel sick. Ijyb hits you but does no damage.
You hit Ijyb but do no damage.
Ijyb is severely wounded.
You feel sick.
Ijyb hits you with a +1 dagger of venom.
You miss Ijyb.
Ijyb is severely wounded.
You feel sick. Ijyb hits you but does no damage.
Casting: Necrotise (safe; 3% risk of failure)
Confirm with . or Enter, or press ? or * to list all spells.
Aiming: Necrotise (safe; 3% risk of failure)
Press: ? - help, Shift-Dir - straight line, f/p - Ijyb
Aim: Ijyb, wielding a +1 dagger of venom, wearing a +0 leather armour and carrying a wand of iceblast (severely wounded, chance to affect: 79%) Ijyb writhes in agony.
You feel sick. Ijyb misses you.
You hit Ijyb but do no damage.
Ijyb is almost dead.
You feel sick.
Ijyb hits you with a +1 dagger of venom.
* * * LOW HITPOINT WARNING * * *
You are lethally poisoned!
You hit Ijyb but do no damage.
Ijyb is almost dead.
* * * LOW HITPOINT WARNING * * *
You feel very sick.
Ijyb hits you with a +1 dagger of venom.
You die...

# #. #.##
...########
#........# #
+@g#### #.
##....# #.#
##.#.#.# #..#
##......# ...
#..###..##.###
@.. #...#...# .#
.( ..#...#.# #
...#####.#.###.#
...#?..#.#.# #.#


You could see Ijyb.

Vanquished Creatures
  An adder (D:4)
  2 ball pythons
  A goblin (D:3)
  A bat (D:3)
  A frilled lizard (D:2)
  A rat (D:3)
7 creatures vanquished.

Notes
Turn   | Place    | Note
-------+----------+-------------------------------------------
     0 | D:1      | Nick1 the Demonspawn Necromancer began the quest for the
                  | Orb.
     0 | D:1      | Reached XP level 1. HP: 13/13 MP: 3/3
     0 | D:1      | Noticed an armataur
     1 | D:1      | Noticed a naga
     1 | D:1      | Noticed a djinni
     4 | D:1      | Noticed a tengu
     7 | D:1      | Noticed a naga
     8 | D:1      | Noticed a felid
     9 | D:1      | Noticed a spriggan
    12 | D:1      | Noticed a spriggan
    12 | D:1      | Noticed a gargoyle
    16 | D:1      | Noticed a formicid
    16 | D:1      | Noticed a ghoul
    18 | D:1      | Noticed a demonspawn
    18 | D:1      | Noticed a djinni
    20 | D:1      | Noticed a tengu
    73 | D:3      | Found a runed translucent gate.
   243 | D:4      | Gained mutation: You are partially covered in molten
                  | scales. (AC +2) [demonic ancestry]
   243 | D:4      | Reached XP level 2. HP: 9/19 MP: 0/5
   247 | D:4      | Noticed Sigmund
   325 | D:4      | Noticed Ijyb
   342 | D:4      | Slain by Ijyb

Illustrated notes

Levels and vault maps discovered:
D:1:      shiori_arrival_whats_in_store_for_you, layout_loops_ring,
          dreamdust_ecumenical_altar_statues, minmay_lizard_pond
D:2:      layout_basic, minmay_goblin_kobold_house
D:3:      layout_basic, kennysheep_ying_yang, mainiacjoe_overflow_alcove_4,
          gammafunk_ghost_necromancy
D:4:      layout_basic, enter_ossuary_5, nrook_mini_backslash,
          uniq_blork_the_orc, uniq_sigmund, uniq_ijyb

Skill      XL: |  1 |
---------------+----+-----
Stealth        | 2 |  2.0
Dodging        | |  1.9
Spellcasting   | |  2.4
Necromancy     | |  4.5

Action                     || total
---------------------------++-------
  Melee: Unarmed           ||    15
  Throw: Javelin           ||     3
   Cast: Necrotise         ||    17
    Use: Potion            ||     2
 Armour: Robe              ||    22
  Dodge: Dodged            ||     9

Table legend: (Time is in decaauts)
 A = Elapsed time spent in this place.
 B = Non-inter-level travel time spent in this place.
 C = Inter-level travel time spent in this place.
 D = Time resting spent in this place.
 E = Time spent auto-exploring this place.
 F = Levels seen in this place.
 G = Mean time per level.
                   A        B        C        D        E       F      G
               +--------+--------+--------+--------+--------+-----+--------+
         Total |    342 |    342 |      0 |      0 |    243 |   4 |   85.5 |
       Dungeon |    342 |    342 |      0 |      0 |    243 |   4 |   85.5 |
               +--------+--------+--------+--------+--------+-----+--------+

Top non-repeatable levels by time:
     D:3: 156 daAuts
     D:4: 148 daAuts
     D:1: 29 daAuts
     D:2: 8 daAuts
